 Dungeon Crawl Stone Soup version 0.26-a0-859-gf57989e088 (webtiles) character file.

Game seed: 5923610015245665623

67 Atelerd the Stinger (level 4, -2/28 HPs)
             Began as an Octopode Venom Mage on Nov 25, 2020.
             Slain by a hobgoblin
             ... wielding a +0 club
             ... led by Robin
              (3 damage)
             ... on level 1 of the Dungeon.
             The game lasted 00:02:57 (1796 turns).

Atelerd the Stinger (Octopode Venom Mage)           Turns: 1796, Time: 00:02:58

Health: -2/28      AC:  1    Str:  7    XL:     4   Next: 18%
Magic:  8/8        EV: 13    Int: 18    God:
Gold:   25         SH:  0    Dex: 12    Spells: 4/8 levels left

rFire    . . .     SeeInvis .   j - +0 dagger (venom)
rCold    + . .     Faith    .   (no shield)
rNeg     . . .     Spirit   .   (helmet restricted)
rPois    .         Reflect  .   (no amulet)
rElec    .         Harm     .   l - ring of protection from cold
rCorr    .         Rampage  .   (no ring)
MR       .....                  (no ring)
Stlth    +++.......             (no ring)
HPRegen  0.09/turn              (no ring)
MPRegen  0.11/turn              (no ring)
                                (no ring)
                                (no ring)

@: no status effects
A: almost no armour, stealthy swim, amphibious, 8 rings, constrict 8, camouflage
1, gelatinous body 1
a: no special abilities


You were on level 1 of the Dungeon.
You visited 1 branch of the dungeon, and saw 2 of its levels.

You collected 25 gold pieces.

Inventory:

Hand Weapons
 h - a +0 dagger
 j - a +0 dagger of venom (weapon)
Jewellery
 l - a ring of protection from cold (left tentacle)
Scrolls
 a - a scroll of enchant armour {unknown}
 b - a scroll of fog {unknown}
 d - a scroll of amnesia {unknown}
 e - 5 scrolls of identify {unknown}
 g - 2 scrolls of remove curse {unknown}
 m - a scroll of enchant weapon {unknown}
Potions
 c - a potion of cancellation {unknown}
 f - 2 potions of curing {unknown}
 i - a potion of mutation {unknown}
 k - a potion of heal wounds


   Skills:
 - Level 1.0 Fighting
 + Level 2.5 Dodging
 + Level 3.6 Stealth
 * Level 2.8 Spellcasting
 - Level 1.0 Transmutations
 + Level 4.1 Poison Magic


You had 4 spell levels left.
You knew the following spells:

 Your Spells              Type           Power        Failure   Level
a - Sting                 Tmut/Pois      ##..         6%          1
b - Mephitic Cloud        Conj/Pois/Air  #.......     28%         3

Your spell library contained the following spells:

 Spells                   Type           Power        Failure   Level
 Poisonous Vapours        Pois/Air       #.....       11%         2
 Ignite Poison            Fire/Tmut/Pois #.......     24%         3
 Olgreb's Toxic Radiance  Pois           ###.....     30%         4


Dungeon Overview and Level Annotations

Branches:
Dungeon (2/15)

Altars:

Annotations:
D:1 exclusion: downstairs


Innate Abilities, Weirdness & Mutations

You cannot wear most types of armour.
You are very stealthy in the water. (Stealth+)
You are amphibious.
You can wear up to eight rings at the same time.
You can use your tentacles to constrict eight enemies at once.
Your skin changes colour to match your surroundings (Stealth+).
Your rubbery body absorbs attacks. (AC +1, EV +1)


Message History

Unknown command.
You start resting.
Magic restored.
You start resting.
HP restored.
You climb downwards.
The hobgoblin hits you with a +0 club. The hobgoblin hits you.
The hobgoblin closely misses you. The hobgoblin hits you with a +0 club.
The hobgoblin hits you.
There is a stone staircase leading up, spattered with blood here.
The hobgoblin hits you with a +0 club. x2
* * * LOW HITPOINT WARNING * * *
The hobgoblin hits you.
* * * LOW HITPOINT WARNING * * *
You climb upwards.
Level annotation: exclusion: downstairs
There is a stone staircase leading down here.
Okay, then.
Okay, then.
The hobgoblin hits you with a +0 club.
You die...

#..#######...# #..#
#...........)### #..#
#####.##.......###..###
#..................
#..#.......###.....
#.........## #.....
#.g###....# ###### #>g#
####.# #
###g@######.#########
#....................
#.#..#####.##########
#.#.......#..# #
#.##.#####.#.###### #
#.##.#............# #
#.#.)..###.#.####.# #
#......# #.#.# #.# #
#.#....# #.#.####.###


You could see 3 hobgoblins.

Vanquished Creatures
  Robin (D:2)
  An adder (D:2)
  An ooze (D:2)
  2 leopard geckos (D:1)
  5 bats
  3 giant cockroaches (D:2)
  14 goblins
  2 hobgoblins (D:2)
  3 jackals (D:2)
  A ball python (D:1)
  3 kobolds (D:1)
  2 rats (D:1)
38 creatures vanquished.

Notes
Turn   | Place    | Note
-------+----------+-------------------------------------------
     0 | D:1      | Atelerd the Octopode Venom Mage began the quest for the
                  | Orb.
     0 | D:1      | Reached XP level 1. HP: 11/11 MP: 3/3
   161 | D:1      | Reached XP level 2. HP: 9/17 MP: 0/5
   879 | D:2      | Reached XP level 3. HP: 22/22 MP: 6/6
  1050 | D:2      | Reached skill level 4 in Poison Magic
  1111 | D:2      | Reached skill level 1 in Fighting
  1433 | D:2      | Noticed Robin
  1444 | D:1      | Learned a level 3 spell: Mephitic Cloud
  1676 | D:2      | Killed Robin
  1677 | D:2      | Reached XP level 4. HP: 20/28 MP: 4/8
  1794 | D:2      | HP: 1/28 [hobgoblin[Robin] (5)]
  1796 | D:1      | Slain by a hobgoblin

Illustrated notes

Levels and vault maps discovered:
D:1:      mrwooster_arrival_arrow, layout_loops_ring
D:2:      layout_rooms, xom_redecorated, uniq_natasha, uniq_robin

Skill      XL: |  1  2  3 |
---------------+----------+-----
Stealth        | 3 |  3.6
Poison Magic   | 4 |  4.1
Fighting       | 1 |  1.0
Dodging        | |  2.5
Spellcasting   | |  2.8
Transmutations | |  1.0

Action                   |  1- 3 |  4- 6 || total
-------------------------+-------+-------++-------
Melee: Unarmed           |     6 |       ||     6
       Constrict         |    13 |       ||    13
       Tentacles         |     4 |       ||     4
       Dagger            |    43 |       ||    43
 Cast: Sting             |    34 |     3 ||    37
       Mephitic Cloud    |     1 |       ||     1
  Use: Potion            |     1 |       ||     1
 Stab: Sleeping          |     7 |       ||     7
Armor: Skin              |    10 |       ||    10
Dodge: Dodged            |    61 |     2 ||    63

Table legend: (Time is in decaauts)
 A = Elapsed time spent in this place.
 B = Non-inter-level travel time spent in this place.
 C = Inter-level travel time spent in this place.
 D = Time resting spent in this place.
 E = Time spent auto-exploring this place.
 F = Levels seen in this place.
 G = Mean time per level.
                   A        B        C        D        E       F      G
               +--------+--------+--------+--------+--------+-----+--------+
         Total |   1798 |   1736 |     62 |    858 |    569 |   2 |  899.0 |
       Dungeon |   1798 |   1736 |     62 |    858 |    569 |   2 |  899.0 |
               +--------+--------+--------+--------+--------+-----+--------+

Top non-repeatable levels by time:
     D:1: 1428 daAuts
     D:2: 370 daAuts
